 Dungeon Crawl Stone Soup version 0.27.0-1-g7a089689b8 (webtiles) character file.

Game seed: 3039152719642632398

32 Sobieck the Ruffian (level 3, 28/28 HPs)
             Began as a Palentonga Warper on Aug 5, 2021.
             Was a Follower of Okawaru.
             Got out of the dungeon alive.
             The game lasted 00:02:00 (1006 turns).

Sobieck the Ruffian (Palentonga Warper)             Turns: 1006, Time: 00:02:01

Health: 28/28      AC:  4    Str: 15    XL:     3   Next: 10%
Magic:  6/6        EV:  9    Int: 13    God:    Okawaru [*.....]
Gold:   40         SH:  0    Dex:  9    Spells: 6/6 levels left

rFire    . . .     SeeInvis +     - Unarmed
rCold    . . .     Faith    .   (no shield)
rNeg     . . .     Spirit   .   a - +0 leather armour
rPois    .         Reflect  .   (no helmet)
rElec    .         Harm     .   (no cloak)
rCorr    .         Rampage  .   (no gloves)
Will     .....                  (no barding)
Stlth    +.........             (no amulet)
HPRegen  0.09/turn              (no ring)
MPRegen  0.10/turn              (no ring)

@: no status effects
A: large, rugged brown scales 3, see invisible, deformed body, roll 1, armoured
tail
a: Rolling Charge, Renounce Religion, Heroism


You escaped.
You worshipped Okawaru.
Okawaru was aware of your devotion.
You visited 1 branch of the dungeon, and saw 1 of its levels.

You collected 40 gold pieces.


Innate Abilities, Weirdness & Mutations

You are completely covered in rugged brown scales. (AC +3, +7% HP)
You have supernaturally acute eyesight. (SInv)
Armour fits poorly on your strangely shaped body.
You can roll at nearby foes to attack.
You have a long armoured tail.


   Skills:
 - Level 2.0 Fighting
 - Level 0.6 Throwing
 - Level 0.7 Armour
 - Level 1.5 Dodging
 + Level 3.6 Unarmed Combat
 - Level 2.0 Spellcasting
 - Level 3.0 Translocations


You had 6 spell levels left.
You didn't know any spells.
Your spell library contained the following spells:

 Spells                   Type           Power      Damage    Failure   Level
 Blink                    Tloc           N/A        N/A       14%         2
 Gell's Gravitas          Tloc           4%         N/A       26%         3
 Lesser Beckoning         Tloc           4%         N/A       26%         3
 Teleport Other           Tloc           9%         N/A       26%         3
 Slow                     Hex            1%         N/A       43%         2
 Static Discharge         Conj/Air       1%         N/A       43%         2
 Confusing Touch          Hex            1%         N/A       67%         3
 Manifold Assault         Tloc           9%         N/A       94%         5
 Lightning Bolt           Conj/Air       0%         1d11      100%        5
 Yara's Violent Unravell  Hex/Tmut       0%         3d3       100%        5
 Maxwell's Capacitive Co  Air            0%         ∞         100%        8

Inventory:

Hand Weapons
 e - a +0 dagger {short}
   (You took it off a goblin on level 1 of the Dungeon)
 f - a +0 club {mace}
   (You took it off a goblin on level 1 of the Dungeon)
Missiles
 c - 5 boomerangs of dispersal (quivered) {=f!fthrowing}
 g - 17 arrows
 j - 24 stones {throwing}
 l - 16 poisoned darts {throwing}
Armour
 a - a +0 leather armour (worn)
Scrolls
 b - a scroll of blinking {!r}
 h - a scroll of teleportation {unknown}
 m - a scroll of magic mapping {unknown}
Potions
 d - a potion of haste {unknown}
 i - a potion of invisibility {unknown}
 k - a potion of brilliance {unknown}

Dungeon Overview and Level Annotations

Branches:
Dungeon (1/15)

Altars:
Okawaru

.# #...# #.# #.##........
.# #.#.## #.# #.##.#...###
.# #.#..########
#.##.#...... .#
#............ #....#..####
.# ####..#########
###.##..#### ## #.#.### #.#
###.###......
#.##..####'####..####......
#.####..'...'..####........
#.# ####.@.#### #.##.####
#.####..'...'..####........
#.##..####'####..#####.####
#.#.### #.# ###.# #....#
### ### #### #.#.## ..#
#.#... #.# #.###.
#####.###'#...
#............#


There were no monsters in sight!


Message History

You open the door.
There is an open door here.
As you open the door, it creaks loudly!
There is an open door here.
You pick up a book of Lightning and begin reading...
You add the spells Static Discharge, Lightning Bolt and Maxwell's Capacitive Coupling to your library.
Unknown command.
There is a faded altar of an unknown god here.
You cannot tell which god this altar belongs to.
Convert to them anyway?
Okay, then.
You cannot tell which god this altar belongs to.
Convert to them anyway?
Okawaru accepts your prayer! Okawaru welcomes you!
You can now gain great but temporary skills.
There is an empty arch of ancient stone here.
A gnoll comes into view. It is wielding a +0 club.
The gnoll shouts!
Danger!
Okay, then.
Roll where?
Press: ? - help, Dir - move target, f - gnoll
Aim: a gnoll, wielding a +0 club You roll forward with a clatter of scales!
You hit the gnoll. The gnoll hits you with a +0 club.
Unknown command.
You barely miss the gnoll. The gnoll hits you with a +0 club.
You barely miss the gnoll. The gnoll hits you with a +0 club!
You closely miss the gnoll.
Your tail-slap misses the gnoll.
The gnoll hits you with a +0 club.
* * * LOW HITPOINT WARNING * * *
Unknown command.
You gain the combat prowess of a mighty hero.
The gnoll closely misses you.
Unknown command.
You hit the gnoll.
Your tail-slap misses the gnoll.
The gnoll closely misses you.
You barely miss the gnoll.
You tail-slap the gnoll, but do no damage.
The gnoll hits you with a +0 club.
* * * LOW HITPOINT WARNING * * *
You hit the gnoll.
Your tail-slap misses the gnoll.
You punch the gnoll!
You kill the gnoll!
Okawaru accepts your kill.
You have reached level 3!
Your experience leads to an increase in your attributes!
Increase (S)trength, (I)ntelligence, or (D)exterity?
You feel stronger.
You start resting.
You feel like a meek peon again.
You start resting.
You don't know any spells.
You see here a +0 club {mace}.
A giant cockroach comes into view.
Danger!
You hit the giant cockroach.
Your tail-slap misses the giant cockroach.
The giant cockroach bites you but does no damage.
You completely miss the giant cockroach.
The giant cockroach bites you.
You barely miss the giant cockroach.
Your tail-slap misses the giant cockroach.
The giant cockroach bites you but does no damage. x2
You hit the giant cockroach. The giant cockroach bites you.
You hit the giant cockroach.
You kill the giant cockroach!
Okawaru accepts your kill.
No target in view!
l - 16 poisoned darts {throwing} A ball python comes into view.
The ball python hisses angrily.
Danger!
You hit the ball python. The ball python barely misses you.
You closely miss the ball python. The ball python barely misses you.
You hit the ball python.
You kill the ball python!
Okawaru accepts your kill.
No target in view!
Found a stone staircase leading down.
Unknown command.
You open the door.
There is an open door here.
m - a scroll labelled INIDIL HILA Unknown command.
An endoplasm comes into view.
Danger!
You completely miss the endoplasm. The endoplasm closely misses you.
You hit the endoplasm. The endoplasm barely misses you.
You hit the endoplasm.
You kill the endoplasm!
Okawaru accepts your kill.
No target in view!
You open the door.
There is an open door here.
There is an open door here.
There is a staircase leading out of the dungeon here.
Are you sure you want to leave the Dungeon?
This will make you lose the game! [Y]es or [N]o only, please.
Are you sure you want to leave the Dungeon?
This will make you lose the game!
You have escaped!

Skill      XL: |  1  2 |
---------------+-------+-----
Unarmed Combat | 3 |  3.6
Fighting       | |  2.0
Throwing       | |  0.6
Armour         | |  0.7
Dodging        | |  1.5
Spellcasting   | |  2.0
Translocations | |  3.0

Action                   || total
-------------------------++-------
Melee: Unarmed           ||    58
       Tailslap          ||    11
Invok: Heroism           ||     1
 Abil: Rolling Charge    ||     6
Armor: Leather armour    ||    18
Dodge: Dodged            ||    21

Levels and vault maps discovered:
D:1:      dpeg_arrival_radiant, layout_basic,
          hellmonk_ecumenical_altar_arch_garden

Notes
Turn   | Place    | Note
-------+----------+-------------------------------------------
     0 | D:1      | Sobieck the Palentonga Warper began the quest for the Orb.
     0 | D:1      | Reached XP level 1. HP: 17/17 MP: 3/3
   314 | D:1      | Reached XP level 2. HP: 23/23 MP: 5/5
   348 | D:1      | You pick up a book of Misfortune and begin reading...
   348 | D:1      | You add the spells Slow, Confusing Touch and Yara's Violent
                  | Unravelling to your library.
   354 | D:1      | Reached skill level 3 in Unarmed Combat
   480 | D:1      | Found a faded altar of an unknown god.
   562 | D:1      | You pick up a book of Lightning and begin reading...
   562 | D:1      | You add the spells Static Discharge, Lightning Bolt and
                  | Maxwell's Capacitive Coupling to your library.
   590 | D:1      | Became a worshipper of Warmaster Okawaru
   590 | D:1      | Reached * piety under Okawaru
   616 | D:1      | HP: 5/23 [gnoll (4)]
   619 | D:1      | Reached XP level 3. HP: 6/28 MP: 3/6
  1006 | D:$      | Got out of the dungeon alive.

Vanquished Creatures
  A gnoll (D:1)
  5 ball pythons (D:1)
  2 endoplasms (D:1)
  A giant cockroach (D:1)
  3 goblins (D:1)
  A hobgoblin (D:1)
  2 jackals (D:1)
  2 quokkas (D:1)
  A bat (D:1)
  A frilled lizard (D:1)
  A rat (D:1)
20 creatures vanquished.

Table legend:
 A = Non-vault XP
 B = Vault XP
 C = Vault XP percentage of total XP
 D = Non-vault monster count
 E = Vault monster count
 F = Vault count percentage of total count
                 A         B        C        D         E       F
            +---------+---------+-------+---------+---------+-------
      Total |      47 |       0 |   0.0 |      20 |       0 |   0.0
            +---------+---------+-------+---------+---------+-------
        D:1 |      47 |       0 |   0.0 |      20 |       0 |   0.0
            +---------+---------+-------+---------+---------+-------

Illustrated notes

Table legend:
 A = Kills in this place as a percentage of kills in entire the game.
 B = Kills by you in this place as a percentage of kills by you in the entire game.
 C = Kills by friends in this place as a percentage of kills by friends in the entire game.
 D = Other kills in this place as a percentage of other kills in the entire game.
 E = Experience gained in this place as a percentage of experience gained in the entire game.
 F = Experience gained in this place divided by the number of levels of this place that you have seen.
                   A       B       C       D       E      F
               +-------+-------+-------+-------+-------+----------------------
         Total | 100.0 | 100.0 |   N/A |   N/A | 100.0 |  47.0
       Dungeon | 100.0 | 100.0 |   N/A |   N/A | 100.0 |  47.0
               +-------+-------+-------+-------+-------+----------------------

Table legend: (Time is in decaauts)
 A = Elapsed time spent in this place.
 B = Non-inter-level travel time spent in this place.
 C = Inter-level travel time spent in this place.
 D = Time resting spent in this place.
 E = Time spent auto-exploring this place.
 F = Levels seen in this place.
 G = Mean time per level.
                   A        B        C        D        E       F      G
               +--------+--------+--------+--------+--------+-----+--------+
         Total |   1003 |    971 |     32 |    455 |    344 |   1 | 1003.0 |
       Dungeon |   1003 |    971 |     32 |    455 |    344 |   1 | 1003.0 |
               +--------+--------+--------+--------+--------+-----+--------+

Top non-repeatable levels by time:
     D:1: 1003 daAuts
